 Dungeon Sprint DCSS version 0.23-a0-180-ga5275e7 (webtiles) character file.

3000000 Fang the Pandemonic (level 21, -65/204 HPs)
             Began as a Gnoll Gladiator on Sept 18, 2018.
             Was a High Priest of Makhleb.
             Annihilated by a large bag of meat
             ... wielding a +9 giant spiked club
              (71 damage)
             ... in the Dungeon (Sprint VIII: "Arena of Blood").
             The game lasted 00:01:18 (30 turns).

Fang the Pandemonic (Gnoll Gladiator)                 Turns: 30, Time: 00:01:19

Health: -65/204    AC:  8    Str: 25    XL:     21   Next: 93%
Magic:  6/51       EV: 32    Int: 13    God:    Makhleb [*****.]
Gold:   0          SH:  0    Dex: 16    Spells: 73/73 levels left

rFire    . . .     SeeInvis .   l - +∞ Axe of Woe
rCold    . . .     Gourm    .   (shield currently unavailable)
rNeg     . . .     Faith    .   b - +0 leather armour
rPois    .         Spirit   .   c - +0 helmet
rElec    .         Reflect  .   (no cloak)
rCorr    .         Harm     .   (no gloves)
MR       +....     NoTele   +   (no boots)
Stlth    +++++++++.             (no amulet)
HPRegen  0.44/turn              (no ring)
MPRegen  0.32/turn              (no ring)

@: no status effects
A: distributed training, fangs 1, strong nose
a: Minor Destruction, Lesser Servant of Makhleb, Major Destruction, Greater
Servant of Makhleb, Renounce Religion


You were in the Dungeon.
You worshipped Makhleb.
Makhleb was extremely pleased with you.
You were not hungry.

You visited 1 branch

Inventory:

Hand Weapons
 l - the +∞ Axe of Woe (weapon)
   (You found it in the Dungeon)
Missiles
 d - 3 throwing nets (quivered)
Armour
 b - a +0 leather armour (worn)
 c - a +0 helmet (worn)
Scrolls
 k - a scroll of blinking
Potions
 e - a potion of curing
 g - a potion of heal wounds
 h - a potion of haste
 i - 2 potions of magic
 j - a potion of berserk rage
Comestibles
 f - a ration


   Skills:
 O Level 27 Fighting
 + Level 26.8 Short Blades
 + Level 26.8 Long Blades
 O Level 27 Axes
 + Level 26.8 Maces & Flails
 + Level 26.8 Polearms
 + Level 26.8 Staves
 + Level 26.8 Slings
 + Level 26.8 Bows
 + Level 26.8 Crossbows
 O Level 27 Throwing
 + Level 26.8 Armour
 O Level 27 Dodging
 + Level 26.8 Stealth
 + Level 26.8 Shields
 + Level 26.8 Unarmed Combat
 + Level 26.8 Spellcasting
 + Level 23.3 Conjurations
 + Level 23.3 Hexes
 + Level 23.3 Charms
 + Level 23.3 Summonings
 + Level 23.3 Necromancy
 + Level 23.3 Translocations
 + Level 23.3 Transmutations
 + Level 23.3 Fire Magic
 + Level 23.3 Ice Magic
 + Level 23.3 Air Magic
 + Level 23.3 Earth Magic
 + Level 23.3 Poison Magic
 O Level 27 Invocations
 + Level 26.8 Evocations


You had 73 spell levels left.
You didn't know any spells.
Your spell library was empty.

Dungeon Overview and Level Annotations

Branches:
Dungeon (1/1)

Altars:
Makhleb


Innate Abilities, Weirdness & Mutations

Your experience applies equally to all skills.
You have very sharp teeth.
Your uncanny sense of smell can sniff out nearby items.


Message History

A large bag of meat comes into view. It is wielding a +9 giant spiked club.
You hear a shout!
The meat berserker is engulfed in blazing flames.
You are engulfed in blazing flames.
The meat berserker rages.
You hear a shout! x3
The meat berserker is engulfed in blazing flames.
The meat berserker hits you with a +9 battleaxe!
You hear a shout! x6; You hear two shouts!
There is a staircase leading out of the dungeon, spattered with blood here.
Items here: )))) ==== †† A meat berserker comes into view.
It is wielding a +9 battleaxe.
You hear a shout! x2
A meat berserker comes into view. It is wielding a +9 battleaxe.
You hear a shout!
The large bag of meat is engulfed in blazing flames.
The large bag of meat hits you with a +9 giant spiked club!!!!
* * * LOW HITPOINT WARNING * * *
The large bag of meat hits you with a +9 giant spiked club!!!
You die...

........o #...
...# . #... .O.#
. ..###...
..o###..
......###o.....O
......._).O.....
...#.§O§.#.....
#_O§§_# ...
#.@§§)# .
........_......
.......###...%%.
..###...
...###.. O #...
...# . #... ...#
%........ ....


You could see a large bag of meat (inner flame), 3 meat berserkers and 2 bags of
meat.

Vanquished Creatures
  9 ogres (D)
  A two-headed ogre (D)
  11 orcs (D)
21 creatures vanquished.

Notes
Turn   | Place    | Note
-------+----------+-------------------------------------------
     0 | D        | Found the +∞ Axe of Woe
     0 | D        | Fang the Gnoll Gladiator began the quest for the Orb.
     0 | D        | Reached XP level 1. HP: 20/20 MP: 1/1
     2 | D        | Noticed a bag of meat
     4 | D        | Became a worshipper of Makhleb the Destroyer
     6 | D        | Noticed a bag of meat
     7 | D        | Noticed a bag of meat
     7 | D        | Noticed a bag of meat
     8 | D        | Noticed a bag of meat
    10 | D        | Noticed a meat berserker
    10 | D        | Noticed a bag of meat
    11 | D        | Noticed a bag of meat
    12 | D        | Noticed a meat berserker
    12 | D        | Noticed a bag of meat
    13 | D        | Noticed a meat berserker
    13 | D        | Killed a meat berserker
    13 | D        | Reached skill level 10 in Conjurations
    13 | D        | Reached skill level 10 in Hexes
    13 | D        | Reached skill level 10 in Charms
    13 | D        | Reached skill level 10 in Summonings
    13 | D        | Reached skill level 10 in Necromancy
    13 | D        | Reached skill level 10 in Translocations
    13 | D        | Reached skill level 10 in Transmutations
    13 | D        | Reached skill level 10 in Fire Magic
    13 | D        | Reached skill level 10 in Ice Magic
    13 | D        | Reached skill level 10 in Air Magic
    13 | D        | Reached skill level 10 in Earth Magic
    13 | D        | Reached skill level 10 in Poison Magic
    13 | D        | Reached XP level 2. HP: 40/40 MP: 1/15
    13 | D        | Reached XP level 3. HP: 46/46 MP: 1/17
    13 | D        | Reached XP level 4. HP: 53/53 MP: 1/18
    13 | D        | Reached XP level 5. HP: 59/59 MP: 1/20
    13 | D        | Reached XP level 6. HP: 66/66 MP: 1/21
    13 | D        | Reached XP level 7. HP: 72/72 MP: 1/23
    13 | D        | Reached XP level 8. HP: 79/79 MP: 1/24
    13 | D        | Reached XP level 9. HP: 85/85 MP: 1/25
    13 | D        | Reached XP level 10. HP: 92/92 MP: 1/26
    13 | D        | Reached XP level 11. HP: 98/98 MP: 1/27
    13 | D        | Reached XP level 12. HP: 105/105 MP: 1/28
    13 | D        | Reached XP level 13. HP: 111/111 MP: 1/29
    13 | D        | Killed a bag of meat
    13 | D        | Reached * piety under Makhleb
    13 | D        | Reached XP level 14. HP: 120/120 MP: 1/31
    13 | D        | Killed a bag of meat
    13 | D        | Reached skill level 15 in Fighting
    13 | D        | Reached skill level 15 in Axes
    13 | D        | Reached skill level 15 in Throwing
    13 | D        | Reached skill level 15 in Dodging
    13 | D        | Reached skill level 15 in Invocations
    13 | D        | Noticed a bag of meat
    13 | D        | Noticed a meat berserker
    14 | D        | Noticed a meat berserker
    14 | D        | Killed a bag of meat
    14 | D        | Reached skill level 15 in Short Blades
    14 | D        | Reached skill level 15 in Long Blades
    14 | D        | Reached skill level 15 in Maces & Flails
    14 | D        | Reached skill level 15 in Polearms
    14 | D        | Reached skill level 15 in Staves
    14 | D        | Reached skill level 15 in Slings
    14 | D        | Reached skill level 15 in Bows
    14 | D        | Reached skill level 15 in Crossbows
    14 | D        | Reached skill level 15 in Armour
    14 | D        | Reached skill level 15 in Stealth
    14 | D        | Reached skill level 15 in Shields
    14 | D        | Reached skill level 15 in Unarmed Combat
    14 | D        | Reached skill level 15 in Spellcasting
    14 | D        | Reached skill level 15 in Evocations
    14 | D        | Reached XP level 15. HP: 96/130 MP: 1/34
    15 | D        | Noticed a meat berserker
    15 | D        | Killed a meat berserker
    15 | D        | Reached ** piety under Makhleb
    15 | D        | Reached XP level 16. HP: 141/141 MP: 1/36
    16 | D        | Killed a meat berserker
    16 | D        | Reached skill level 15 in Conjurations
    16 | D        | Reached skill level 15 in Hexes
    16 | D        | Reached skill level 15 in Charms
    16 | D        | Reached skill level 15 in Summonings
    16 | D        | Reached skill level 15 in Necromancy
    16 | D        | Reached skill level 15 in Translocations
    16 | D        | Reached skill level 15 in Transmutations
    16 | D        | Reached skill level 15 in Fire Magic
    16 | D        | Reached skill level 15 in Ice Magic
    16 | D        | Reached skill level 15 in Air Magic
    16 | D        | Reached skill level 15 in Earth Magic
    16 | D        | Reached skill level 15 in Poison Magic
    16 | D        | Reached XP level 17. HP: 151/151 MP: 2/39
    16 | D        | Noticed a meat berserker
    18 | D        | Killed a meat berserker
    18 | D        | Reached *** piety under Makhleb
    18 | D        | Killed a meat berserker
    18 | D        | Reached XP level 18. HP: 164/164 MP: 2/42
    18 | D        | Killed a meat berserker
    18 | D        | Noticed a meat berserker
    19 | D        | Reached **** piety under Makhleb
    19 | D        | Reached XP level 19. HP: 174/174 MP: 2/44
    20 | D        | Killed a meat berserker
    21 | D        | Noticed a large bag of meat
    21 | D        | Noticed a large bag of meat
    21 | D        | Noticed a meat berserker
    23 | D        | Reached ***** piety under Makhleb
    23 | D        | Reached XP level 20. HP: 188/188 MP: 3/47
    24 | D        | Killed a meat berserker
    24 | D        | Reached XP level 21. HP: 199/199 MP: 4/50
    24 | D        | Noticed a meat berserker
    25 | D        | Noticed a meat berserker
    26 | D        | Killed a meat berserker
    26 | D        | Reached skill level 27 in Invocations
    26 | D        | Noticed a meat berserker
    28 | D        | Killed a large bag of meat
    28 | D        | Reached skill level 27 in Fighting
    28 | D        | Reached skill level 27 in Axes
    28 | D        | Reached skill level 27 in Throwing
    28 | D        | Reached skill level 27 in Dodging
    28 | D        | Noticed a large bag of meat
    30 | D        | Noticed a meat berserker
    30 | D        | Noticed a meat berserker
    30 | D        | HP: 6/204 [large bag of meat/+9 giant spiked club (73)]
    30 | D        | Annihilated by a large bag of meat

Vault maps used:
D:        meatsprint

Skill      XL: |  1  2  3  4  5  6  7  8  9 10 11 12 13 14 15 16 17 18 19 20 21 |
---------------+----------------------------------------------------------------+-----
Fighting       | 13 14 15 17 18 20 22 24 25 27 | 27.0
Short Blades   | 12 13 15 16 18 20 21 23 25 26 | 26.8
Long Blades    | 12 13 15 16 18 20 21 23 25 26 | 26.8
Axes           | 13 14 16 17 19 21 22 24 25 27 | 27.0
Maces & Flails | 12 13 15 16 18 20 21 23 25 26 | 26.8
Polearms       | 12 13 15 16 18 20 21 23 25 26 | 26.8
Staves         | 12 13 15 16 18 20 21 23 25 26 | 26.8
Slings         | 12 13 15 16 18 20 21 23 25 26 | 26.8
Bows           | 12 13 15 16 18 20 21 23 25 26 | 26.8
Crossbows      | 12 13 15 16 18 20 21 23 25 26 | 26.8
Throwing       | 13 14 15 17 18 20 22 24 25 27 | 27.0
Armour         | 12 13 15 16 18 20 21 23 25 26 | 26.8
Dodging        | 13 14 16 17 19 21 22 24 25 27 | 27.0
Stealth        | 12 13 15 16 18 20 21 23 25 26 | 26.8
Shields        | 12 13 15 16 18 20 21 23 25 26 | 26.8
Unarmed Combat | 12 13 15 16 18 20 21 23 25 26 | 26.8
Spellcasting   | 12 13 15 16 18 20 21 23 25 26 | 26.8
Conjurations   | 10 11 13 14 16 17 19 20 21 23 | 23.3
Hexes          | 10 11 13 14 16 17 19 20 21 23 | 23.3
Charms         | 10 11 13 14 16 17 19 20 21 23 | 23.3
Summonings     | 10 11 13 14 16 17 19 20 21 23 | 23.3
Necromancy     | 10 11 13 14 16 17 19 20 21 23 | 23.3
Translocations | 10 11 13 14 16 17 19 20 21 23 | 23.3
Transmutations | 10 11 13 14 16 17 19 20 21 23 | 23.3
Fire Magic     | 10 11 13 14 16 17 19 20 21 23 | 23.3
Ice Magic      | 10 11 13 14 16 17 19 20 21 23 | 23.3
Air Magic      | 10 11 13 14 16 17 19 20 21 23 | 23.3
Earth Magic    | 10 11 13 14 16 17 19 20 21 23 | 23.3
Poison Magic   | 10 11 13 14 16 17 19 20 21 23 | 23.3
Invocations    | 13 14 16 18 19 22 23 25 26 27 | 27.0
Evocations     | 12 13 15 16 18 20 21 23 25 26 | 26.8

Action                   |  1- 3 |  4- 6 |  7- 9 | 10-12 | 13-15 | 16-18 | 19-21 || total
-------------------------+-------+-------+-------+-------+-------+-------+-------++-------
Melee: Executioner's axe |     1 |       |       |       |     2 |     3 |     6 ||    12
Dodge: Dodged            |       |       |       |       |       |     2 |       ||     2

Table legend:
 A = Non-vault XP
 B = Vault XP
 C = Vault XP percentage of total XP
 D = Non-vault monster count
 E = Vault monster count
 F = Vault count percentage of total count
                 A         B        C        D         E       F
            +---------+---------+-------+---------+---------+-------
      Total |  361159 |  226560 |  38.5 |      11 |      10 |  47.6
            +---------+---------+-------+---------+---------+-------
          D |  361159 |  226560 |  38.5 |      11 |      10 |  47.6
            +---------+---------+-------+---------+---------+-------
